 Dungeon Crawl Stone Soup version 0.24.0-37-gcf1ca852f1 (webtiles) character file.

Game seed: 13968839004870575121, levelgen mode: deterministic

6020 Mrkan the Cleaver (level 10, -2/90 HPs)
             Began as a Minotaur Fighter on Nov 25, 2019.
             Was an Elder of Nemelex Xobeh.
             Slain by an unseen horror (6 damage)
             ... on level 10 of the Dungeon.
             The game lasted 00:20:54 (10250 turns).

Mrkan the Cleaver (Minotaur Fighter)               Turns: 10250, Time: 00:20:55

Health: -2/90      AC: 18    Str: 20    XL:     10   Next: 56%
Magic:  12/12      EV:  5    Int:  5    God:    Nemelex Xobeh [****..]
Gold:   488        SH: 11    Dex: 14    Spells: 9/9 levels left

rFire    . . .     SeeInvis .   a - +0 war axe
rCold    . . .     Gourm    .   c - +0 shield
rNeg     . . .     Faith    .   v - +0 plate armour
rPois    .         Spirit   .   (helmet restricted)
rElec    .         Reflect  .   (no cloak)
rCorr    .         Harm     .   u - +0 pair of gloves
MR       .....                  h - +2 pair of boots
Stlth    ..........             (no amulet)
HPRegen  0.25/turn              (no ring)
MPRegen  0.13/turn              (no ring)

@: no status effects
A: retaliatory headbutt, horns 2
a: Draw Escape, Draw Destruction, Draw Summoning, Triple Draw, Deal Four,
Renounce Religion


You were on level 10 of the Dungeon.
You worshipped Nemelex Xobeh.
Nemelex Xobeh was greatly pleased with you.
You were not hungry.

You visited 1 branch of the dungeon, and saw 10 of its levels.
You also visited: Sewer.

You collected 488 gold pieces.

Inventory:

Hand Weapons
 a - a +0 war axe (weapon)
Missiles
 p - 5 silver javelins (quivered)
 r - 3 throwing nets
 x - 4 silver boomerangs
Armour
 c - a +0 shield (worn)
 h - a +2 pair of boots (worn)
 u - a +0 pair of gloves (worn)
 v - a +0 plate armour (worn)
Jewellery
 d - an uncursed ring of protection from magic
Wands
 t - a wand of disintegration (22)
Scrolls
 e - 2 scrolls of summoning {unknown}
 g - 3 scrolls of remove curse
 i - 8 scrolls of identify
 k - a scroll of blinking
 l - 2 scrolls of fear
 s - 2 scrolls of teleportation
Potions
 b - a potion of ambrosia
 j - 4 potions of curing
 n - 2 potions of heal wounds
 q - a potion of flight
 w - 2 potions of brilliance
 z - a potion of magic {unknown}
Comestibles
 f - 18 rations


   Skills:
 + Level 8.9 Fighting
 * Level 11.6 Axes
 + Level 9.0 Armour
 + Level 9.1 Shields
 + Level 4.5 Invocations


You had 9 spell levels left.
You didn't know any spells.
Your spell library contained the following spells:

 Spells                   Type           Power        Failure   Level  Hunger
 Animate Skeleton         Necr           N/A          100%        1    ##.....
 Corona                   Hex            #......      100%        1    ##.....
 Pain                     Necr           #...         100%        1    ##.....
 Ensorcelled Hibernation  Hex/Ice        #.....       100%        2    ###....
 Confuse                  Hex            #.......     100%        3    ####...
 Dazzling Spray           Conj/Hex       #.....       100%        3    ####...
 Regeneration             Chrm/Necr      #.........   100%        3    ####...
 Tukima's Dance           Hex            #.......     100%        3    ####...
 Vampiric Draining        Necr           #.........   100%        3    ####...
 Animate Dead             Necr           N/A          100%        4    #####..


Dungeon Overview and Level Annotations

Branches:
Dungeon (10/15)            Temple (0/1) D:4            Lair (0/6) D:8
  Sewer (visited)
    Orc: D:9-12

Altars:
Dithmenos
Gozag
Makhleb
Nemelex Xobeh
Okawaru
Ru
Zin

Shops:
D:4 [

Annotations:
D:9 Maurice


Innate Abilities, Weirdness & Mutations

You reflexively headbutt those who attack you in melee.
You have a pair of horns on your head.


Message History

Something hits you but does no damage. Something hits you but does no damage.
Something hits you but does no damage. Something hits you.
* * * LOW HITPOINT WARNING * * *
Something hits you but does no damage. Something hits you.
* * * LOW HITPOINT WARNING * * *
Something hits you but does no damage. You block something's attack.
Something hits you but does no damage. Something hits you but does no damage.
Something hits you!
* * * LOW HITPOINT WARNING * * *
Something hits you but does no damage. Something hits you.
* * * LOW HITPOINT WARNING * * *
Something hits you but does no damage. Something hits you!
* * * LOW HITPOINT WARNING * * *
Something hits you.
You die...
Your body disappears without a glow.

..........## ..........#
..........# ..........#
..........##############
........................
........................
################........
#@.###### #..# #..# #..#
#####..############# ..
.....................
#..
.....................
#.# #############...####
#.# #...#


There were no monsters in sight!

Vanquished Creatures
  Erica (D:8)
  3 hippogriffs
  A spriggan (D:9)
  Sigmund (D:5)
  An ice beast (D:7)
  3 orc warriors
  3 sky beasts
  2 phantoms
  An eye of draining (D:9)
  2 necrophages
  7 ogres
  3 centaurs
  7 bullfrogs
  A wyvern zombie (D:8)
  A wyvern skeleton (D:7)
  3 scorpions
  3 wights (D:8)
  5 howler monkeys
  4 crimson imps
  7 hounds
  3 jellies
  9 orc priests
  A centaur skeleton (D:8)
  Jessica (D:2)
  An iguana (D:7)
  12 orc wizards
  3 worker ants
  A hound zombie (D:5)
  A howler monkey zombie (D:8)
  A worker ant zombie (D:6)
  8 gnolls
  12 adders
  A shadow imp (D:10)
  2 worms
  5 dart slugs
  9 leopard geckos
  37 orcs
  10 bats
  12 giant cockroaches
  9 goblins
  4 hobgoblins
  8 jackals
  8 kobolds
  7 quokkas
  4 ball pythons
  10 frilled lizards
  A quokka skeleton (D:9)
  A quokka zombie (D:5)
  5 rats
245 creatures vanquished.

Vanquished Creatures (others)
  2 plants (D:8)
2 creatures vanquished.

Grand Total: 247 creatures vanquished

Notes
Turn   | Place    | Note
-------+----------+-------------------------------------------
     0 | D:1      | Mrkan the Minotaur Fighter began the quest for the Orb.
     0 | D:1      | Reached XP level 1. HP: 19/19 MP: 0/0
   118 | D:1      | Reached XP level 2. HP: 27/27 MP: 1/1
   204 | D:1      | Reached skill level 3 in Axes
   462 | D:1      | Reached XP level 3. HP: 31/33 MP: 2/2
   837 | D:2      | Found a sparkling altar of Nemelex Xobeh.
   843 | D:2      | Became a worshipper of Nemelex Xobeh the Trickster
   975 | D:2      | Received a gift from Nemelex Xobeh
   992 | D:2      | Reached XP level 4. HP: 34/40 MP: 3/3
  1038 | D:2      | Found an iron altar of Okawaru.
  1125 | D:2      | Reached skill level 4 in Axes
  1147 | D:2      | Noticed Jessica
  1155 | D:2      | Killed Jessica
  1155 | D:2      | Reached XP level 5. HP: 11/47 MP: 4/4
  1687 | D:3      | Received a gift from Nemelex Xobeh
  1725 | D:3      | Reached * piety under Nemelex Xobeh
  2195 | D:4      | Reached skill level 5 in Axes
  2271 | D:4      | Received a gift from Nemelex Xobeh
  2297 | D:4      | Noticed an ogre
  2301 | D:4      | Killed an ogre
  2301 | D:4      | Reached skill level 5 in Armour
  2301 | D:4      | Reached skill level 5 in Shields
  2301 | D:4      | Reached XP level 6. HP: 39/55 MP: 5/5
  2314 | D:4      | Reached skill level 5 in Fighting
  2339 | D:4      | Found Feuxirpha's Antique Armour Shoppe.
  2402 | D:4      | Found a staircase to the Ecumenical Temple.
  2859 | D:5      | Entered Level 5 of the Dungeon
  2870 | D:5      | Found a glowing drain.
  2876 | D:5      | Reached skill level 6 in Axes
  2897 | Sewer    | Entered a sewer
  2995 | Sewer    | Reached XP level 7. HP: 61/61 MP: 6/6
  3007 | Sewer    | Reached ** piety under Nemelex Xobeh
  3051 | Sewer    | Received a gift from Nemelex Xobeh
  3325 | D:5      | Found a shadowy altar of Dithmenos.
  3517 | D:5      | Reached skill level 7 in Axes
  3815 | D:5      | Reached XP level 8. HP: 65/69 MP: 7/7
  3851 | D:5      | Found a sacrificial altar of Ru.
  3905 | D:5      | Noticed Sigmund
  3915 | D:5      | Killed Sigmund
  4132 | D:5      | Reached skill level 8 in Axes
  4216 | D:5      | Found a glowing silver altar of Zin.
  4435 | D:5      | HP: 3/70 [orc warrior/+0 war axe (5)]
  5194 | D:6      | Found an opulent altar of Gozag.
  5229 | D:6      | Reached skill level 1 in Invocations
  5447 | D:6      | Reached skill level 9 in Axes
  5468 | D:6      | Reached XP level 9. HP: 38/78 MP: 9/9
  5611 | D:6      | Reached *** piety under Nemelex Xobeh
  6771 | D:7      | Found a burning altar of Makhleb.
  6872 | D:7      | Received a gift from Nemelex Xobeh
  6996 | D:8      | Reached skill level 10 in Axes
  7384 | D:8      | Reached **** piety under Nemelex Xobeh
  7392 | D:8      | Received a gift from Nemelex Xobeh
  7670 | D:8      | Noticed Erica
  7687 | D:8      | Killed Erica
  7687 | D:8      | Reached XP level 10. HP: 20/88 MP: 11/11
  8123 | D:8      | Found a staircase to the Lair.
  8304 | D:8      | HP: 4/90 [komodo dragon (21)]
  8696 | D:9      | Noticed Maurice
  8700 | D:8      | Reached skill level 11 in Axes
  9811 | D:9      | Received a gift from Nemelex Xobeh
 10117 | D:10     | Entered Level 10 of the Dungeon
 10249 | D:10     | HP: 4/90 [something (8)]
 10250 | D:10     | Slain by an unseen horror

Levels and vault maps discovered:
D:1:      dpeg_arrival_ternary, layout_basic
D:2:      wander_river, layout_loops_ring, nicolae_overflow_crystal_walls,
          okawaru_metal_pillars_1_2, uniq_jessica
D:3:      layout_basic, nrook_mini_backslash
D:4:      layout_basic, minmay_temple_entry_fiery, serial_shops,
          kennysheep_mini_moat, first_ration
D:5:      layout_basic, zin_scriptorium, kennysheep_little_box,
          cheibrodos_sewer_entry_sluice, basic_altar, uniq_sigmund
D:6:      layout_layer_cave, nicolae_gozag_seed_capital
D:7:      layout_basic, makhleb_heckhound_becter
D:8:      layout_basic, david_lair_shrubbed, uniq_erica
D:9:      layout_loops_ring, grunt_pizzeria, uniq_maurice
D:10:     layout_long_grid, uniq_psyche

Skill      XL: |  1  2  3  4  5  6  7  8  9 10 |
---------------+-------------------------------+-----
Axes           | 3 4 5 6 7 9 10 11 | 11.6
Shields        | 4 5 6 7 8 9 |  9.1
Fighting       | 4 5 6 7 8 |  8.9
Armour         | 4 5 6 7 8 9 |  9.0
Invocations    | 1 3 4 |  4.5

Action                   |  1- 3 |  4- 6 |  7- 9 | 10-12 || total
-------------------------+-------+-------+-------+-------++-------
Melee: War axe           |    78 |   145 |   348 |   191 ||   762
       Headbutt          |    10 |    21 |    68 |    39 ||   138
  Use: Potion            |       |       |     3 |     1 ||     4
       Scroll            |       |       |       |    10 ||    10
  Eat: Chunk             |       |     7 |    15 |     5 ||    27
       Ration            |       |       |       |     1 ||     1
Armor: Scale mail        |    36 |    22 |       |       ||    58
       Chain mail        |       |    63 |    66 |       ||   129
       Plate armour      |       |       |   108 |   132 ||   240
Dodge: Dodged            |    24 |    40 |    57 |    30 ||   151
Block: Shield            |    36 |    91 |   180 |    97 ||   404
